 Dungeon Crawl Stone Soup version 0.21-a0-404-g291f19a (webtiles) character file.

21 Coron the Skirmisher (level 2, 0/26 HPs)
             Began as a Draconian Monk on Nov 1, 2017.
             Slain by a worm (8 damage)
             ... on level 2 of the Dungeon.
             The game lasted 00:03:02 (611 turns).

Coron the Skirmisher (Draconian Monk)                Turns: 611, Time: 00:03:03

Health: 0/26       AC:  4    Str: 13    XL:     2   Next: 65%
Magic:  2/2        EV: 13    Int: 10    God:
Gold:   86         SH:  0    Dex: 13    Spells: 1/1 levels left

rFire    . . .     SeeInvis +   a - +0 hand axe
rCold    . . .     Gourm    .   (no shield)
rNeg     . . .     Faith    .   (armour unavailable)
rPois    .         Spirit   .   (helmet restricted)
rElec    .         Reflect  .   (no cloak)
rCorr    .         Harm     .   (no gloves)
MR       .....                  (no boots)
Stlth    ++........             (no amulet)
HPRegen  0.08/turn              n - ring of see invisible
MPRegen  0.08/turn              (no ring)

@: no status effects
A: unfitting armour, cold-blooded, AC +4
a: no special abilities


You were on level 2 of the Dungeon.
You were not hungry.

You visited 1 branch of the dungeon, and saw 2 of its levels.

You collected 86 gold pieces.

Inventory:

Hand Weapons
 a - a +0 hand axe (weapon)
Jewellery
 n - a ring of see invisible (left hand)
Scrolls
 f - a scroll of amnesia {unknown}
 i - a scroll of enchant armour {unknown}
 j - 2 scrolls of remove curse {unknown}
 k - a scroll of teleportation {unknown}
 l - 2 scrolls of immolation {unknown}
Potions
 c - a potion of lignification {unknown}
 e - a potion of haste {unknown}
 g - a potion of ambrosia {unknown}
 h - a potion of flight {unknown}
Comestibles
 b - a bread ration
 d - 5 chunks of flesh
 m - 2 fruits


   Skills:
 + Level 3.6 Fighting
 - Level 3.1 Axes
 - Level 3.0 Dodging
 + Level 2.2 Stealth


You had one spell level left.
You didn't know any spells.

Dungeon Overview and Level Annotations

Branches:
Dungeon (2/15)

Altars:


Innate Abilities, Weirdness & Mutations

Your plain brown scales are hard. (AC +4)
You cannot fit into any form of body armour.
You are cold-blooded and may be slowed by cold attacks.


Message History

You barely miss the worm. You hit the worm.
The worm is lightly wounded.
The worm misses you.
You barely miss the worm.
You tail-slap the worm, but do no damage.
The worm is lightly wounded.
The worm closely misses you.
You hit the worm.
The worm is moderately wounded.
You hit the worm. You tail-slap the worm.
The worm is heavily wounded.
The worm bites you!
You hit the worm.
The worm is heavily wounded.
The worm barely misses you.
You hit the worm.
The worm is severely wounded.
The worm bites you!
You die...

.......#..........#
..................#
........##.########
........##.#
#######..#.#
...........#
...........#
...........#
........@..#
........w.>#
...........#
...........#
..........#
######..... #.####+
##


You could see a worm.

Vanquished Creatures
  2 leopard geckos
  2 ball pythons (D:1)
  A giant cockroach (D:1)
  5 goblins (D:1)
  A hobgoblin (D:1)
  A kobold (D:1)
  A frilled lizard (D:1)
  5 rats (D:1)
18 creatures vanquished.

Notes
Turn   | Place    | Note
-------+----------+-------------------------------------------
     0 | D:1      | Coron the Draconian Monk began the quest for the Orb.
     0 | D:1      | Reached XP level 1. HP: 19/19 MP: 1/1
   123 | D:1      | Reached XP level 2. HP: 19/26 MP: 2/2
   611 | D:2      | Slain by a worm

Vault maps used:
D:1:      minmay_arrival_cross, minivault_24
D:2:      kennysheep_big_empty_room

Skill      XL: |  1  2 |
---------------+-------+-----
Stealth        | 2 |  2.2
Dodging        | 3 |  3.0
Fighting       | |  3.6
Axes           | |  3.1

Action                   || total
-------------------------++-------
Melee: Hand axe          ||    61
       Tailslap          ||     7
 Stab: Sleeping          ||     4
Armor: Skin              ||    13
Dodge: Dodged            ||    52

Table legend:
 A = Spawn XP
 B = Non-spawn XP
 C = Spawn XP percentage of total XP
 D = Spawn monster count
 E = Non-spawn monster count
 F = Spawn count percentage of total count
 G = Total turns spent on level
                    A         B        C        D         E        F      G
               +---------+---------+-------+---------+---------+-------+---------
         Total |       0 |      31 |   0.0 |       0 |      18 |   0.0 |   611
               +---------+---------+-------+---------+---------+-------+---------
           D:1 |       0 |      28 |   0.0 |       0 |      17 |   0.0 |   491
           D:2 |       0 |       3 |   0.0 |       0 |       1 |   0.0 |   120
               +---------+---------+-------+---------+---------+-------+---------
